 Dungeon Crawl Stone Soup version 0.15-a0-357-gf0ffff9 (webtiles) character file.

136 MrRokkomies the Shooter (level 4, -4/25 HPs)
             Began as a Gargoyle Hunter on May 3, 2014.
             Slain by Sigmund
             ... wielding a +3,+5 scythe of flaming
              (14 damage)
             ... on Level 3 of the Dungeon.
             The game lasted 00:06:34 (1590 turns).

MrRokkomies the Shooter (Gargoyle Hunter)           Turns: 1590, Time: 00:06:34

HP  -4/25        AC  8     Str 16      XL: 4   Next: 48%
MP   4/4         EV 11     Int 11      God:
Gold 51          SH  0     Dex 11      Spells:  0 memorised,  3 levels left

rFire  . . .     SeeInvis .     b - +2,+1 bow
rCold  . . .     Clarity  .     d - +0 leather armour
rNeg   + . .     Conserve .     (no shield)
rPois  +         rCorr    .     (no helmet)
rElec  +         rRot     +     (no cloak)
SustAb . .       Spirit   .     (no gloves)
rMut   .         Warding  .     q - +1 pair of boots {Stlth+}
Saprov . . .     Stasis   .     (no amulet)
MR     .....                    (no ring)
                                (no ring)

@: not resistant to hostile enchantments, unstealthy
A: life protection 1, electricity resistance, unbreathing, petrification
resistance, AC +3
a: no special abilities


You were on level 3 of the Dungeon.
You were not hungry.

You visited 1 branch of the dungeon, and saw 3 of its levels.

You collected 51 gold pieces.

Inventory:

Hand weapons
 a - a +0,+0 whip
 b - a +2,+1 bow (weapon)
Missiles
 c - 50 arrows (quivered)
Armour
 d - a +0 leather armour (worn)
 q - a +1 pair of boots of stealth (worn)
Magical devices
 k - a wand of digging (9)
Comestibles
 f - a bread ration
 j - an apple
 m - a choko
 o - a meat ration
Scrolls
 e - 2 scrolls of teleportation
 g - a scroll of identify
 i - a scroll of amnesia
 p - a scroll of remove curse
Jewellery
 h - an uncursed ring of ice
Potions
 l - a potion of might {unknown}


   Skills:
 + Level 1.3 Fighting
   Level 0.3 Short Blades
 + Level 4.8 Bows
 + Level 0.4 Armour
 * Level 2.6 Dodging
 + Level 1.3 Stealth


You had 3 spell levels left.
You didn't know any spells.

Dungeon Overview and Level Annotations

Branches:
Dungeon (3/15)

Altars:
Zin

Annotations:
D:3 Grinder, Sigmund


Innate Abilities, Weirdness & Mutations

You are resistant to torment.
You are immune to poison.
You are immune to rotting.
Your stone body is very resilient (AC +3).
You resist negative energy.
You are resistant to electric shocks.
You can survive without breathing.
You are immune to petrification.


Message History

You shoot an arrow. The arrow hits Sigmund.
Sigmund is severely wounded.
Sigmund gestures at you while chanting. The puff of flame hits you!
Firing (i - inventory):
c - 53 arrows (quivered)
Press: ? - help, Shift-Dir - straight line, f/p - Sigmund
Aim: Sigmund, wielding a scythe of flaming and wearing a robe (severely wounded)
You shoot an arrow. The arrow misses Sigmund.
Sigmund closely misses you.
Firing (i - inventory):
c - 52 arrows (quivered)
Press: ? - help, Shift-Dir - straight line, f/p - Sigmund
Aim: Sigmund, wielding a scythe of flaming and wearing a robe (severely wounded)
You shoot an arrow. The arrow misses Sigmund.
Sigmund barely misses you.
Firing (i - inventory):
c - 51 arrows (quivered)
Press: ? - help, Shift-Dir - straight line, f/p - Sigmund
Aim: Sigmund, wielding a scythe of flaming and wearing a robe (severely wounded)
You shoot an arrow. The arrow hits Sigmund.
Sigmund is severely wounded.
Sigmund hits you from afar with a scythe of flaming!
Ouch! That really hurt!
You die...

. .....
#$.... #
..... .#
#.##...#
#.## ......
#..(##
#...##.(...#
#..#(@.....#
#.@..._....
#.#.?.....#
##.##.....#
#...##..$##
###..%###.##
#.....##..#
#.#...##.##
#.#......>#
# #...###.#


You could see Sigmund.

Vanquished Creatures
  Ijyb (D:2)
  Terence (D:3)
  2 adders
  An ooze (D:1)
  5 bats
  A giant cockroach (D:2)
  7 hobgoblins
  A quokka (D:2)
  A ball python (D:1)
  5 giant newts
  3 goblins (D:1)
  3 kobolds
  7 rats
38 creatures vanquished.

Notes
Turn   | Place    | Note
--------------------------------------------------------------
     0 | D:1      | MrRokkomies, the Gargoyle Hunter, began the quest for the Orb.
     0 | D:1      | Reached XP level 1. HP: 12/12 MP: 1/1
   234 | D:1      | Reached XP level 2. HP: 14/16 MP: 2/2
   641 | D:2      | Reached XP level 3. HP: 20/20 MP: 3/3
   863 | D:2      | Noticed Ijyb
   877 | D:2      | Killed Ijyb
   902 | D:2      | Reached XP level 4. HP: 25/25 MP: 4/4
  1275 | D:3      | Noticed Grinder
  1276 | D:3      | Paralysed by Grinder for 6 turns
  1284 | D:3      | Noticed Terence
  1306 | D:3      | Killed Terence
  1555 | D:3      | Found a glowing silver altar of Zin.
  1581 | D:3      | Noticed Sigmund
  1590 | D:3      | Slain by Sigmund

Action                   |  1- 3 |  4- 6 || total
-------------------------+-------+-------++-------
Melee: Short sword       |    57 |       ||    57
       Whip              |     1 |    11 ||    12
 Fire: Bow               |    30 |    26 ||    56
Evoke: Wand              |     1 |       ||     1
  Use: Scroll            |     2 |     4 ||     6
 Stab: Sleeping          |       |     1 ||     1
